 Dungeon Crawl Stone Soup version 0.30-a0-782-ge64f9170bb (webtiles) character file.

Game seed: 9220041211451471957

137 Dirian the Covered (level 5, 0/46 HPs)
             Began as a Minotaur Fighter on Mar 5, 2023.
             Killed from afar by an orc wizard (3 damage)
             ... with a magic dart
             ... on level 3 of the Dungeon.
             The game lasted 00:02:32 (1712 turns).

Dirian the Covered (Minotaur Fighter)               Turns: 1712, Time: 00:02:33

Health: 0/46       AC:  7    Str: 23    XL:     5   Next: 0%
Magic:  4/4        EV:  9    Int:  5    God:
Gold:   133        SH: 10    Dex: 15    Spells: 4/4 levels left

rFire   . . .      SeeInvis .    a - +0 war axe
rCold   . . .      Faith    .    c - +0 buckler
rNeg    . . .      Spirit   .    b - +0 scale mail
rPois   .          Reflect  +    (helmet restricted)
rElec   .          Harm     .    (no cloak)
rCorr   +          Rampage  .    (no gloves)
Will    .....                    (no boots) Stlth
                                 m - amulet of reflection
HPRegen 0.27/turn                e - ring of resist corrosion
MPRegen 0.09/turn                v - +6 ring of dexterity

@: no status effects
A: horns 2, retaliatory headbutt
a: no special abilities


You were on level 3 of the Dungeon.
You visited 1 branch of the dungeon, and saw 3 of its levels.

You collected 133 gold pieces.

Inventory:

Hand Weapons
 a - a +0 war axe (weapon)
Missiles
 y - a throwing net (quivered)
Armour
 b - a +0 scale mail (worn)
 c - a +0 buckler (worn)
 t - a +0 plate armour
Jewellery
 e - a ring of resist corrosion (left hand)
 m - an amulet of reflection (around neck)
 v - a +6 ring of dexterity (right hand)
Wands
 n - a wand of iceblast (6)
Scrolls
 f - a scroll of fear {unknown}
 i - 2 scrolls of noise {unknown}
 j - a scroll of enchant armour {unknown}
 o - 3 scrolls of vulnerability {unknown}
 p - 2 scrolls of teleportation {unknown}
 q - a scroll of identify {unknown}
 r - a scroll of torment {unknown}
Potions
 d - a potion of might
 g - 3 potions of flight {unknown}
 h - a potion of berserk rage {unknown}
 k - a potion of ambrosia {unknown}
 l - a potion of cancellation {unknown}
 s - a potion of brilliance {unknown}
 u - a potion of attraction {unknown}
 w - a potion of degeneration {unknown}
 x - a potion of heal wounds {unknown}


   Skills:
 + Level 4.2 Fighting
 + Level 4.4 Axes
 + Level 4.6 Armour
 + Level 0.3 Dodging
 + Level 4.2 Shields


You had 4 spell levels left.
You didn't know any spells.
Your spell library contained the following spells:

 Spells                   Type           Power      Damage    Failure   Level
 Blink                    Tloc           0%         N/A       95%         2
 Lesser Beckoning         Tloc           0%         N/A       95%         2
 Momentum Strike          Conj/Tloc      0%         3d8       95%         2
 Sublimation of Blood     Necr           0%         N/A       95%         2
 Petrify                  Tmut/Erth      0%         N/A       100%        4
 Summon Lightning Spire   Summ/Air       0%         N/A       100%        4
 Irradiate                Conj/Tmut      0%         3d11      100%        5
 Storm Form               Tmut/Air       0%         N/A       100%        7
 Maxwell's Capacitive Co  Air            0%         ∞         100%        8


Dungeon Overview and Level Annotations

Branches:
Dungeon (3/15) Zot: 16239

Altars:
Ashenzari


Innate Abilities, Weirdness & Mutations

You have a pair of horns on your head.
You reflexively headbutt those who attack you in melee.


Message History

You are too confused!
You are too confused!
You are too confused!
You are too confused!
You are too confused!
You are too confused!
You are too confused!
You are too confused!
You are too confused!
You are too confused!
You are too confused!
You are too confused!
The orc wizard hits you with a +4 dagger of electrocution.
Things that are here:
a +0 dagger; an orc corpse You bump into the rock wall.
The orc wizard closely misses you.
You bump into the rock wall.
The orc wizard hits you but does no damage.
You bump into the rock wall.
The orc wizard hits you but does no damage.
You are electrocuted!!
You hit the orc wizard but do no damage.
The orc wizard is moderately wounded.
The orc wizard hits you with a +4 dagger of electrocution.
You bump into the rock wall.
The orc wizard barely misses you.
You bump into the rock wall.
You feel less confused.
The orc wizard points at you and mumbles some strange words.
The magic dart hits you!
* * * LOW HITPOINT WARNING * * *
You closely miss the orc wizard. Your headbutt misses the orc wizard.
The orc wizard is moderately wounded.
The orc wizard hits you but does no damage.
You are electrocuted!
* * * LOW HITPOINT WARNING * * *
You slash the orc wizard!
The orc wizard is almost dead.
The orc wizard gestures at you while chanting.
The magic dart hits you.
You die...

. ######### .#
#.......# ### .#
#<#####.#######.....
.# #.# #.....@oo.#
.# #.# ###########
.## #.# ..###.#
......# ..##### .##
.# <#


You could see an orc wizard and an orc.

Vanquished Creatures
  8 adders (D:2)
  3 dart slugs (D:2)
  An orc (D:3)
  3 ball pythons (D:2)
  6 bats
  6 endoplasms
  3 giant cockroaches (D:2)
  8 goblins
  4 hobgoblins
  4 jackals (D:1)
  A quokka (D:2)
  3 frilled lizards
  2 kobolds
  6 rats
58 creatures vanquished.

Vanquished Creatures (others)
  3 fungi (D:1)
3 creatures vanquished.

Grand Total: 61 creatures vanquished

Notes
Turn   | Place    | Note
-------+----------+-------------------------------------------
     0 | D:1      | Dirian the Minotaur Fighter began the quest for the Orb.
     0 | D:1      | Reached XP level 1. HP: 19/19 MP: 0/0
   247 | D:1      | Reached XP level 2. HP: 27/27 MP: 1/1
   967 | D:1      | Found a faded altar of an unknown god.
  1053 | D:2      | Reached XP level 3. HP: 31/33 MP: 2/2
  1208 | D:2      | Reached XP level 4. HP: 40/40 MP: 3/3
  1286 | D:2      | Found a broken altar of Ashenzari.
  1704 | D:3      | Reached XP level 5. HP: 44/46 MP: 4/4
  1711 | D:3      | HP: 2/46 [orc wizard/+4 dagger of electrocution (8)]
  1712 | D:3      | Killed from afar by an orc wizard

Illustrated notes

Levels and vault maps discovered:
D:1:      minmay_arrival_plants_in_alcoves, layout_loops_corners,
          shapermc_ecumenical_altar_petra
D:2:      minmay_diamond_boxcup, layout_rooms, basic_altar, minmay_pentomino_w4
D:3:      layout_loops_ring

Skill      XL: |  1  2  3  4 |
---------------+-------------+-----
Shields        | 4 |  4.2
Fighting       | 4 |  4.2
Armour         | 4 |  4.6
Axes           | 3 4 |  4.4
Dodging        | |  0.3

Action                     |  1- 3 |  4- 6 || total
---------------------------+-------+-------++-------
  Melee: War axe           |    94 |    34 ||   128
         Headbutt          |    10 |     5 ||    15
 Armour: Scale mail        |    48 |     9 ||    57
  Dodge: Dodged            |    47 |     8 ||    55
  Block: Buckler           |    21 |    10 ||    31

Table legend: (Time is in decaauts)
 A = Elapsed time spent in this place.
 B = Non-inter-level travel time spent in this place.
 C = Inter-level travel time spent in this place.
 D = Time resting spent in this place.
 E = Time spent auto-exploring this place.
 F = Levels seen in this place.
 G = Mean time per level.
                   A        B        C        D        E       F      G
               +--------+--------+--------+--------+--------+-----+--------+
         Total |   1759 |   1654 |    105 |      0 |   1311 |   3 |  586.3 |
       Dungeon |   1759 |   1654 |    105 |      0 |   1311 |   3 |  586.3 |
               +--------+--------+--------+--------+--------+-----+--------+

Top non-repeatable levels by time:
     D:1: 1029 daAuts
     D:2: 686 daAuts
     D:3: 43 daAuts
